 Dungeon Crawl Stone Soup version 0.18-a0-382-gd7addec (webtiles) character file.

46 Arkorax the Ducker (level 3, 0/18 HPs)
             Began as a Spriggan Gladiator on Nov 30, 2015.
             Hit by a goblin thrown by Robin (1 damage)
             ... on level 2 of the Dungeon.
             The game lasted 00:02:20 (1212 turns).

Arkorax the Ducker (Spriggan Gladiator)             Turns: 1212, Time: 00:02:21

Health: 0/18       AC:  2    Str: 12    XL:     3   Next: 46%
Magic:  0/4        EV: 21    Int:  9    God:
Gold:   30         SH:  0    Dex: 16    Spells: 0 memorised, 2 levels left

rFire  . . .     SeeInvis +     a - +0 quarterstaff
rCold  . . .     Clarity  .     b - +0 robe
rNeg   . . .     SustAt   .     (shield currently unavailable)
rPois  .         Gourm    .     c - +0 hat
rElec  .         Spirit   +     (no cloak)
rCorr  .         Warding  .     (gloves unavailable)
rMut   .         Stasis   .     (boots unavailable)
MR     .....                    i - amulet of guardian spirit
Stlth  +.........               (no ring)
                                (no ring)

@: very quick, not resistant to hostile enchantments, very unstealthy
A: unfitting armour, see invisible, herbivore 3, speed 3, slow metabolism 2
a: no special abilities


You were on level 2 of the Dungeon.
You were not hungry.

You visited 1 branch of the dungeon, and saw 2 of its levels.

You collected 30 gold pieces.

Inventory:

Hand Weapons
 a - a +0 quarterstaff (weapon)
Missiles
 d - 3 throwing nets (quivered)
Armour
 b - a +0 robe (worn)
 c - a +0 hat (worn)
Jewellery
 i - an amulet of guardian spirit (around neck)
Scrolls
 f - 2 scrolls of teleportation {unknown}
 g - a scroll of fear {unknown}
 k - a scroll of noise {unknown}
 l - a scroll of remove curse {unknown}
 m - a scroll of identify {unknown}
Potions
 h - a potion of might {unknown}
 j - a potion of haste {unknown}
Comestibles
 e - 4 bread rations
 n - a slice of pizza


   Skills:
 + Level 1.7 Fighting
 * Level 2.6 Staves
 - Level 2.0 Throwing
 * Level 5.7 Dodging


You had 2 spell levels left.
You didn't know any spells.

Dungeon Overview and Level Annotations

Branches:
Dungeon (2/15)

Altars:

Annotations:
D:2 Robin


Innate Abilities, Weirdness & Mutations

You are tiny and cannot use many weapons and most armour.
You have supernaturally acute eyesight.
You are a herbivore.
You cover ground extremely quickly.
You need consume almost no food.


Message History

You hit the goblin.
You kill the goblin!
The goblin hits you but does no damage. The goblin completely misses you.
The goblin barely misses you. Robin throws the goblin at you!
* * * LOW HITPOINT WARNING * * *
The goblin misses you. The hobgoblin completely misses you.
The goblin unwields an uncursed dagger.
The goblin wields a hunting sling.
The goblin shoots a stone.
The stone misses you.
Robin roars a battlecry!
The goblins go into a battle-frenzy!
Found a scratched opal ring.
Robin throws the goblin at you!
* * * LOW HITPOINT WARNING * * *
The goblin completely misses you.
You barely miss the goblin.
Robin laughs in a distinctly smug fashion.
Robin throws the goblin at you!
You die...

##......#### ###.#..#.....
#..>.......###...[(.#.....
#......###........#.#.....
#......#...#####..#.#.....
#.)...g..#######..........
#....gg..................(
#.....g########...........
##....g..#####............
##...(#g@g.(.............
##...##g####............
#....##... #............
#.#######.##............
#. .##............ #.
=#............ #.
.#............
........#.... ###...###.##


You could see Robin, a hobgoblin (frenzied) and 4 goblins.

Vanquished Creatures
  An adder (D:1)
  A ball python (D:1)
  3 bats (D:1)
  4 giant cockroaches (D:1)
  3 hobgoblins (D:1)
  2 jackals
  A quokka (D:2)
  3 giant geckos (D:1)
  4 giant newts
  5 goblins
  3 kobolds (D:1)
  5 rats (D:1)
35 creatures vanquished.

Notes
Turn   | Place    | Note
--------------------------------------------------------------
     0 | D:1      | Arkorax the Spriggan Gladiator began the quest for the Orb.
     0 | D:1      | Reached XP level 1. HP: 10/10 MP: 2/2
   279 | D:1      | Reached XP level 2. HP: 14/14 MP: 3/3
   342 | D:1      | Reached skill level 5 in Dodging
  1038 | D:1      | Reached XP level 3. HP: 16/18 MP: 4/4
  1185 | D:2      | Noticed Robin
  1212 | D:2      | Hit by a goblin thrown by Robin

Vault maps used:
D:1:      dpeg_arrival_three_same_balls, st_stairs_12
D:2:      uniq_robin

Action                   || total
-------------------------++-------
Melee: Quarterstaff      ||    87
